AoeStats
← Emperor_Napoleon

Arabia

510450336Analyzed
1v1 RM · 1d ago on Oct 1, 2026· 22m 39s· 2 players
Game mode
Random Map
Map size
Tiny (2 player)
Population
200
Speed
Normal
Resources
Standard
Victory
Conquest
Starting age
Dark Age
Ending age
Imperial Age
RankedLock teamsTeams togetherTeam positionsShared explorationLock speedFull tech treeHidden civsTurbo modeCheats
Victory
Defeat
🇦🇷 Cumans · Argentina
2248
+21
🇨🇳 Inca · China
2359
-21
DolunaK
6:00 Loom
8:24 Feudal Age
7:14 Loom
9:16 Double-Bit Axe
13:50 Fletching
15:53 Padded Archer Armor
22:31 Castle Age
21:01 Stone Mining
22:20 Gold Mining
22:52 Bloodlines
Emperor_Napoleon
5:48 Loom
9:44 Feudal Age
9:52 Champi Runner
10:21 Double-Bit Axe
14:57 Scale Mail Armor
19:39 Forging
Connection lost

Rejoining the realm…

Still unreachable

The connection could not be restored.

Session expired

The server has moved on; the page needs a fresh start.